 Dungeon Crawl Stone Soup version 0.25-a0-523-g9afb2ee040 (webtiles) character file.

Game seed: 11424908664599888725, levelgen mode: deterministic

490 Flugslaktarn the Chopper (level 6, -3/57 HPs)
             Began as a Deep Dwarf Fighter on Feb 18, 2020.
             Slain by a two-headed ogre
             ... wielding a +0 giant spiked club
              (13 damage)
             ... on level 4 of the Dungeon.
             The game lasted 00:01:13 (1182 turns).

Flugslaktarn the Chopper (Deep Dwarf Fighter)       Turns: 1182, Time: 00:01:14

Health: -3/57      AC: 11    Str: 22    XL:     6   Next: 90%
Magic:  4/4        EV:  5    Int:  8    God:
Gold:   141        SH: 15    Dex: 12    Spells: 5/5 levels left

rFire    . . .     SeeInvis .   a - +0 war axe
rCold    . . .     Gourm    .   l - +0 tower shield (curse)
rNeg     . . .     Faith    .   b - +0 scale mail
rPois    .         Spirit   .   (no helmet)
rElec    .         Reflect  .   (no cloak)
rCorr    .         Harm     .   (no gloves)
MR       .....                  m - +0 pair of boots
Stlth    ..........             (no amulet)
HPRegen  0.00/turn              p - +3 ring of protection
MPRegen  0.09/turn              (no ring)

@: non-regenerating
A: damage resistance, heal wounds, sense surroundings 1, no regeneration
a: Heal Wounds


You were on level 4 of the Dungeon.
You were not hungry.

You visited 2 branches of the dungeon, and saw 7 of its levels.

You collected 141 gold pieces.

Inventory:

Hand Weapons
 a - a +0 war axe (weapon)
Armour
 b - a +0 scale mail (worn)
 l - a cursed +0 tower shield (worn)
   (You found it on level 4 of the Dungeon)
 m - a +0 pair of boots (worn)
   (You found it on level 5 of the Dungeon)
Jewellery
 p - a +3 ring of protection (left hand)
   (You found it on level 3 of the Dungeon)
Scrolls
 c - a scroll of fear {unknown}
 f - a scroll of amnesia {unknown}
 g - 2 scrolls of remove curse {unknown}
 h - a scroll of enchant armour {unknown}
 i - 2 scrolls of identify {unknown}
 k - a scroll of teleportation {unknown}
Potions
 d - a potion of might
 j - a potion of mutation {unknown}
 o - a potion of curing {unknown}
Comestibles
 e - 8 rations
 n - 9 chunks of flesh


   Skills:
 + Level 4.0 Fighting
 * Level 5.4 Axes
 + Level 4.8 Armour
 + Level 4.9 Shields


You had 5 spell levels left.
You didn't know any spells.
Your spell library was empty.

Dungeon Overview and Level Annotations

Branches:
Dungeon (6/15)             Temple (1/1) D:6

Altars:
Dithmenos
Elyvilon
Gozag
Hepliaklqana
Kikubaaqudgha
Nemelex Xobeh
Qazlal
Ru
Sif Muna
Uskayaw
Vehumet
Zin


Innate Abilities, Weirdness & Mutations

You are resistant to damage.
You can heal yourself by infusing magical energy.
You passively map a small area around you.
You do not regenerate.


Message History

You are too injured to fight recklessly!
You are too injured to fight recklessly!
You are too injured to fight recklessly!
You are too injured to fight recklessly!
You are too injured to fight recklessly!
You are too injured to fight recklessly!
You are too injured to fight recklessly!
You are too injured to fight recklessly!
You are too injured to fight recklessly!
You are too injured to fight recklessly!
You are too injured to fight recklessly!
You are too injured to fight recklessly!
You are too injured to fight recklessly!
You are too injured to fight recklessly!
You barely miss the two-headed ogre.
The two-headed ogre is lightly wounded.
The two-headed ogre hits you with a +0 giant spiked club!
* * * LOW HITPOINT WARNING * * *
The two-headed ogre hits you with a +0 giant spiked club!
You die...

##.(..##......##.....##..........
###..#.......##....>#....#......
##.....................##.....
#.......####.....####.........
#...#...#/.##...## #.........
#####...#...##.## ,#.........
##...##...#.# , ##.........
#.....##hO#.#+ ##..........
##.....###@..###......##...
##........8.........###...
##...###...###.....##.... ###..##
+#.#+ ##....##.... ##...## #.#,
##.......#. #....# ##.##
,#.......#. ##...#,,##...##
#.......##
####...####.....####........#
#...##.....................[#


You could see a two-headed ogre and a jackal.

Vanquished Creatures
  An ice beast (D:4)
  A crimson imp (D:6)
  3 hounds
  2 iguanas
  2 orc wizards
  A worker ant (D:4)
  3 gnolls (D:3)
  5 adders
  An ooze (D:2)
  2 adder skeletons (D:4)
  2 dart slugs
  2 leopard geckos
  9 orcs
  3 bats
  A giant cockroach (D:1)
  4 goblins
  7 hobgoblins
  2 jackals (D:4)
  A quokka (D:3)
  2 ball pythons
  2 frilled lizards
  A jackal skeleton (D:4)
  6 kobolds
  5 rats
68 creatures vanquished.

Notes
Turn   | Place    | Note
-------+----------+-------------------------------------------
     0 | D:1      | Flugslaktarn the Deep Dwarf Fighter began the quest for the
                  | Orb.
     0 | D:1      | Reached XP level 1. HP: 20/20 MP: 1/1
    86 | D:1      | Reached XP level 2. HP: 27/27 MP: 2/2
   235 | D:2      | Reached skill level 3 in Axes
   251 | D:2      | Reached XP level 3. HP: 26/33 MP: 3/3
   262 | D:3      | Reached XP level 4. HP: 29/42 MP: 4/4
   427 | D:3      | Found a hazy altar of Hepliaklqana.
   467 | D:4      | Noticed an ice beast
   494 | D:4      | Killed an ice beast
   494 | D:4      | Reached skill level 4 in Axes
   494 | D:4      | Reached XP level 5. HP: 31/49 MP: 5/5
   647 | D:4      | Reached XP level 6. HP: 32/56 MP: 6/6
   696 | D:4      | You fall into a shaft and drop 2 floors!
   703 | D:6      | Found a staircase to the Ecumenical Temple.
   726 | D:6      | Reached skill level 5 in Axes
   758 | D:6      | Found an opulent altar of Gozag.
   777 | Temple   | Entered the Ecumenical Temple
   919 | D:5      | Entered Level 5 of the Dungeon
   973 | D:5      | Found a shimmering blue altar of Sif Muna.
   996 | D:4      | Found a sacrificial altar of Ru.
  1175 | D:4      | Noticed a two-headed ogre
  1182 | D:4      | Slain by a two-headed ogre

Levels and vault maps discovered:
D:1:      lightli_arrival_statue_moat, layout_basic, minivault_24,
          minmay_tetromino_i4
D:2:      layout_basic, lemuel_coloured_pillars_altar, uniq_sigmund, uniq_robin
D:3:      layout_rooms, nicolae_overflow_crystal_walls, serial_curves,
          eino_curves_01, eino_curves_01, minmay_cut_off, uniq_grinder
D:4:      cheibrodos_barr_body, layout_cave_pools, lemuel_crystal_altar,
          nicolae_ashenzari_panopticon, first_ration
D:5:      layout_gridville, nicolae_tso_carved_into_rock, kennysheep_mini,
          minivault_26, uniq_menkaure, uniq_eustachio
D:6:      layout_rooms, xom_butterflies, lemuel_round_altar,
          minmay_temple_entry_junction, basic_altar
Temple:   nicolae_temple_figure_zero

Skill      XL: |  1  2  3  4  5  6 |
---------------+-------------------+-----
Axes           | 3 4 5 |  5.4
Fighting       | 3 4 |  4.0
Armour         | 4 |  4.8
Shields        | 4 |  4.9

Action                   |  1- 3 |  4- 6 || total
-------------------------+-------+-------++-------
Melee: War axe           |    75 |   149 ||   224
 Abil: Heal Wounds       |       |     5 ||     5
  Eat: Chunk             |       |     2 ||     2
Armor: Scale mail        |    34 |   101 ||   135
Dodge: Dodged            |    28 |    66 ||    94
Block: Kite shield       |    40 |    62 ||   102
       Tower shield      |       |    73 ||    73

Table legend:
 A = Non-vault XP
 B = Vault XP
 C = Vault XP percentage of total XP
 D = Non-vault monster count
 E = Vault monster count
 F = Vault count percentage of total count
                 A         B        C        D         E       F
            +---------+---------+-------+---------+---------+-------
      Total |     693 |       8 |   1.1 |      63 |       5 |   7.4
            +---------+---------+-------+---------+---------+-------
        D:1 |      27 |       5 |  15.6 |      17 |       4 |  19.0
        D:2 |      13 |       0 |   0.0 |       5 |       0 |   0.0
        D:3 |     117 |       0 |   0.0 |      14 |       0 |   0.0
        D:4 |     408 |       3 |   0.7 |      20 |       1 |   4.8
        D:6 |     128 |       0 |   0.0 |       7 |       0 |   0.0
            +---------+---------+-------+---------+---------+-------
